 Dungeon Crawl Stone Soup version 0.30-a0-862-g1aabd4f9c5 (webtiles) character file.

Game seed: 8487192004585125205

51 bande the Covered (level 3, 0/23 HPs)
             Began as a Gargoyle Fighter on Mar 8, 2023.
             Killed from afar by a kobold (2 damage)
             ... with a bolt of dispelling energy
             ... on level 2 of the Dungeon.
             The game lasted 00:01:10 (717 turns).

bande the Covered (Gargoyle Fighter)                 Turns: 717, Time: 00:01:11

Health: 0/23       AC: 10    Str: 19    XL:     3   Next: 83%
Magic:  3/3        EV:  9    Int:  8    God:
Gold:   75         SH:  4    Dex: 11    Spells: 2/2 levels left

rFire   . . .      SeeInvis .    a - +0 war axe
rCold   . . .      Faith    .    c - +0 buckler
rNeg    + . .      Spirit   .    b - +0 scale mail
rPois   ∞          Reflect  .    (no helmet)
rElec   +          Rampage  .    (no cloak)
rCorr   .                        (no gloves)
Will    .....                    (no boots) Stlth
                                 (no amulet)
HPRegen 0.23/turn                (no ring)
MPRegen 0.08/turn                (no ring)

@: flying (expiring)
A: sickness immunity, AC +3, negative energy resistance 1, electricity
resistance, torment resistance 1, petrification resistance
a: no special abilities


You were on level 2 of the Dungeon.
You visited 1 branch of the dungeon, and saw 2 of its levels.

You collected 75 gold pieces.

Inventory:

Hand Weapons
 a - a +0 war axe (weapon)
 j - a +0 war axe
Armour
 b - a +0 scale mail (worn)
 c - a +0 buckler (worn)
Jewellery
 g - a ring of ice
Scrolls
 f - a scroll of identify {unknown}
 h - a scroll of amnesia {unknown}
 l - 2 scrolls of enchant armour {unknown}
 n - a scroll of fog {unknown}
 o - a scroll of fear {unknown}
Potions
 d - a potion of might
 e - a potion of resistance {unknown}
 i - a potion of flight
 k - a potion of brilliance {unknown}
 m - a potion of degeneration {unknown}


   Skills:
 + Level 3.6 Fighting
 + Level 2.2 Axes
 + Level 4.2 Armour
 - Level 0.1 Dodging
 + Level 3.6 Shields


You had 2 spell levels left.
You didn't know any spells.
Your spell library contained the following spells:

 Spells                   Type           Power      Damage    Failure   Level
 Stone Arrow              Conj/Erth      0%         3d7       99%         3
 Animate Armour           Summ/Erth      0%         N/A       100%        4
 Lehudib's Crystal Spear  Conj/Erth      0%         10d2      100%        8


Dungeon Overview and Level Annotations

Branches:
Dungeon (2/15)

Altars:


Innate Abilities, Weirdness & Mutations

You are immune to sickness and miasma.
Your stone body is resilient. (AC +3)
You are immune to poison.
You resist negative energy. (rN+)
You are resistant to electric shocks. (rElec)
You are resistant to unholy torment.
You are immune to petrification.


Message History

You slash the quokka!
You kill the quokka!
No target in view!
No target in view!
No target in view!
No target in view!
No target in view!
No target in view!
Things that are here:
a quokka corpse; a rat corpse
o - a scroll labelled RILURA ZUDAW A kobold comes into view.
It is wielding a +0 club and carrying a wand of quicksilver (7).
The kobold shouts!
The kobold throws a stone.
The stone barely misses you.
A kobold is nearby!
A giant cockroach comes into view.
The kobold zaps a wand.
The bolt of dispelling energy hits you!
You barely miss the kobold.
A ball python comes into view.
The kobold barely misses you.
The kobold zaps a wand.
The bolt of dispelling energy hits you!
Ouch! That really hurt!
* * * LOW HITPOINT WARNING * * *
You are too injured to fight recklessly!
You are too injured to fight recklessly!
You are too injured to fight recklessly!
You are too injured to fight recklessly!
You are too injured to fight recklessly!
You are too injured to fight recklessly!
You are too injured to fight recklessly!
You are too injured to fight recklessly!
You are too injured to fight recklessly!
It was a potion of flight.
You feel very buoyant.
You fly up into the air.
The kobold misses you.
You closely miss the kobold. The kobold hits you but does no damage.
You barely miss the kobold.
The kobold zaps a wand.
The bolt of dispelling energy hits you.
Your magical effects are unravelling.
You die...

#.#.#......†..# #
#.#.#...####.#####
#.#.#.#...........
#.#.#..>####.####.
#.#.##...###.####.
#...............))
#.##.......#..###.
#.##.........(.)..
#@##.......#..###.
#K####...###......
#B# #...# #.###.
#S# #..... #. #.#
..### ## ... ..#
..#


You could see a giant cockroach, a ball python and a kobold.

Vanquished Creatures
  A gnoll (D:1)
  An adder (D:2)
  3 dart slugs
  4 bats
  2 endoplasms (D:1)
  A giant cockroach (D:1)
  2 goblins
  A hobgoblin (D:1)
  3 quokkas
  2 frilled lizards (D:1)
  4 kobolds
  3 rats
27 creatures vanquished.

Notes
Turn   | Place    | Note
-------+----------+-------------------------------------------
     0 | D:1      | bande the Gargoyle Fighter began the quest for the Orb.
     0 | D:1      | Reached XP level 1. HP: 14/14 MP: 1/1
    89 | D:1      | Reached XP level 2. HP: 14/19 MP: 2/2
    92 | D:1      | Reached skill level 4 in Armour
   264 | D:1      | Reached XP level 3. HP: 22/23 MP: 3/3
   714 | D:2      | HP: 1/23 [kobold/bolt of dispelling energy (13)]
   717 | D:2      | Killed from afar by a kobold

Illustrated notes

Levels and vault maps discovered:
D:1:      dpeg_arrival_stone_temple_mockup, layout_rooms
D:2:      layout_loops_ring

Skill      XL: |  1  2  3 |
---------------+----------+-----
Armour         | 4 |  4.2
Axes           | 2 |  2.2
Fighting       | |  3.6
Dodging        | |  0.1
Shields        | |  3.6

Action                     || total
---------------------------++-------
  Melee: War axe           ||    56
    Use: Potion            ||     1
 Armour: Scale mail        ||    37
  Dodge: Dodged            ||    33
  Block: Buckler           ||    19

Table legend: (Time is in decaauts)
 A = Elapsed time spent in this place.
 B = Non-inter-level travel time spent in this place.
 C = Inter-level travel time spent in this place.
 D = Time resting spent in this place.
 E = Time spent auto-exploring this place.
 F = Levels seen in this place.
 G = Mean time per level.
                   A        B        C        D        E       F      G
               +--------+--------+--------+--------+--------+-----+--------+
         Total |    741 |    720 |     21 |    118 |    419 |   2 |  370.5 |
       Dungeon |    741 |    720 |     21 |    118 |    419 |   2 |  370.5 |
               +--------+--------+--------+--------+--------+-----+--------+

Top non-repeatable levels by time:
     D:1: 498 daAuts
     D:2: 242 daAuts
